 Dungeon Crawl Stone Soup version 0.30.1-11-g7821555f0a (webtiles) character file.

Game seed: 18115993983803086766

1316 lonewolfV2 the Fighter (level 8, -12/69 HPs)
             Began as a Formicid Fighter on Nov 17, 2023.
             Mangled by an orc warrior
             ... wielding a +0 trident
              (14 damage)
             ... on level 7 of the Dungeon.
             The game lasted 00:08:13 (5191 turns).

lonewolfV2 the Fighter (Formicid Fighter)           Turns: 5191, Time: 00:08:14

Health: -12/69     AC: 14    Str: 26    XL:     8   Next: 89%
Magic:  8/8        EV:  6    Int:  9    God:
Gold:   343        SH:  5    Dex: 15    Spells: 7/7 levels left

rFire   . . .        a - +0 war axe (freeze)
rCold   . . .        c - +0 buckler
rNeg    . . .        k - +1 plate armour
rPois   .            (helmet unavailable)
rElec   .            (no cloak)
rCorr   .            r - +0 pair of gloves
SInv    +            o - +0 pair of boots
Will    .....        b - amulet of regeneration Stlth
                     l - ring of flight
HPRegen 1.11/turn    p - +6 ring of strength
MPRegen 0.11/turn

%: no passive effects
@: flying
A: permanent stasis, dig shafts and tunnels, antennae 3, four strong arms
a: Dig, Shaft Self


You were on level 7 of the Dungeon.
You visited 1 branch of the dungeon, and saw 7 of its levels.

You collected 343 gold pieces.

Inventory:

Hand Weapons
 a - a +0 war axe of freezing (weapon)
Armour
 c - a +0 buckler (worn)
 k - a +1 plate armour (worn)
 m - the +0 chain mail of Quiescent Creativity {rC++ Will+ Int+3}
   (You found it on level 7 of the Dungeon)

   Int:       It affects your intelligence (+3).
   rC:        It greatly protects you from cold.
   Will:      It increases your willpower.
 o - a +0 pair of boots (worn)
 r - a +0 pair of gloves (worn)
Jewellery
 b - an amulet of regeneration (around neck)
 l - a ring of flight (left hand)
 p - a +6 ring of strength (right hand)
 q - a ring of protection from fire
Wands
 t - a wand of charming (7)
Scrolls
 f - a scroll of fog
 v - 2 scrolls of noise
Potions
 d - a potion of might
 e - a potion of invisibility {unknown}
 g - a potion of attraction
 h - a potion of degeneration
 i - 2 potions of curing
 j - a potion of resistance {unknown}
 n - 2 potions of lignification


   Skills:
 + Level 8.5 Fighting
 + Level 7.4 Axes
 - Level 3.2 Armour
 - Level 4.0 Shields


You had 7 spell levels left.
You didn't know any spells.
Your spell library contained the following spells:

 Spells                   Type           Power      Damage    Failure   Level
 Dazzling Flash           Conj/Hex       0%         N/A       100%        3
 Gell's Gravitas          Tloc           0%         N/A       100%        3
 Volatile Blastmotes      Fire/Tloc      0%         2d10      100%        3
 Iskenderun's Mystic Bla  Conj/Tloc      0%         2d3       100%        4
 Agony                    Necr           0%         N/A       100%        5
 Silence                  Hex/Air        0%         N/A       100%        5
 Blink                    Tloc           Unusable   N/A       N/A         2

Dungeon Overview and Level Annotations

Branches:
Dungeon (7/15)
 Temple: D:4-7

Altars:
Hepliaklqana
Makhleb
Trog
Uskayaw

Shops:
D:3 *   D:5 =


Innate Abilities, Weirdness & Mutations

You cannot be hasted, slowed, berserked, paralysed or teleported.
You can dig through walls and to a lower floor.
You have a pair of large antennae on your head. (SInv)
Your four strong arms can wield two-handed weapons with a shield.


Message History

The orc warrior hits you from afar with a +0 trident!
* * * LOW HITPOINT WARNING * * *
A gnoll comes into view. It is wielding a +0 spear.
The gnoll shouts!
You block the gnoll's attack.
The orc warrior hits you but does no damage.
The gnoll bouda hits you but does no damage.
Things that are here:
a +0 falchion; an orc corpse The gnoll attacks as you move away!
The gnoll hits you but does no damage. x2
The orc warrior hits you from afar with a +0 trident.
* * * LOW HITPOINT WARNING * * *
The gnoll bouda barks out a call to the hunt!
The gnoll picks up the pace!
You barely miss the gnoll bouda.
The gnoll bouda is lightly wounded.
The gnoll hits you but does no damage.
The gnoll bouda hits you but does no damage.
You block the orc warrior's attack. The gnoll hits you but does no damage.
You completely miss the gnoll bouda.
The gnoll bouda is lightly wounded.
The gnoll bouda barks out a call to the hunt!
The orc warrior closely misses you.
The gnoll hits you but does no damage. x2
A gnoll comes into view. It is wielding a +0 flail.
You barely miss the gnoll bouda.
The gnoll bouda is lightly wounded.
You hit the gnoll but do no damage.
The gnoll bouda hits you with a +0 club.
* * * LOW HITPOINT WARNING * * *
You block the orc warrior's attack. You block the gnoll's attack.
The gnoll hits you with a +0 whip.
* * * LOW HITPOINT WARNING * * *
The gnoll hits you but does no damage.
You slash the gnoll bouda! You freeze the gnoll bouda.
The gnoll bouda is severely wounded.
You hit the gnoll. You freeze the gnoll.
The gnoll bouda hits you with a +0 club!
* * * LOW HITPOINT WARNING * * *
The orc warrior hits you from afar with a +0 trident!
You die...

#. ###. ... .. ####
#.## .~~~ #....#..#
#.≈≈≈ .......o###
.!~~≈~ #ggg@## #..≈
≈~ ##g#g.####
##...{~≈~
##.##..).## #..#
....
...####.)###.##.~≈~~
###.. ##........~≈≈≈
#..########.##.~≈≈≈
#.....# #.# ~~~~
##..#.####.##.....
## ##.#.............


You could see an orc warrior, a gnoll bouda and 4 gnolls.

Vanquished Creatures
  Edmund (D:5)
  An orc warrior (D:7)
  2 ice beasts (D:5)
  A centaur (D:5)
  2 kobold brigands (D:7)
  A bullfrog (D:6)
  3 scorpions
  A howler monkey (D:6)
  A hound (D:6)
  A jelly (D:6)
  2 iguanas
  2 orc wizards
  3 gnolls (D:5)
  6 adders
  2 shadow imps
  A white imp (D:6)
  3 worms
  2 dart slugs
  35 orcs
  9 ball pythons
  4 endoplasms
  4 giant cockroaches
  11 goblins
  8 hobgoblins
  6 quokkas
  4 bats
  2 frilled lizards (D:1)
  12 kobolds
  2 rats
132 creatures vanquished.

Notes
Turn   | Place    | Note
-------+----------+-------------------------------------------
     0 | D:1      | lonewolfV2 the Formicid Fighter began the quest for the
                  | Orb.
     0 | D:1      | Reached XP level 1. HP: 18/18 MP: 1/1
    85 | D:1      | Reached XP level 2. HP: 24/24 MP: 2/2
   343 | D:1      | Reached XP level 3. HP: 30/30 MP: 3/3
   516 | D:1      | Reached skill level 4 in Fighting
   627 | D:1      | Found a faded altar of an unknown god.
  1046 | D:2      | Found a hide-covered altar of Uskayaw.
  1810 | D:3      | Reached XP level 4. HP: 26/37 MP: 4/4
  1973 | D:3      | Found Yhyun's General Store.
  1993 | D:3      | Reached XP level 5. HP: 39/43 MP: 5/5
  2304 | D:3      | Found a hazy altar of Hepliaklqana.
  2761 | D:4      | Got Yphofion's Octavo of the Excursion
  2778 | D:4      | Reached skill level 5 in Fighting
  2821 | D:4      | Found a bloodstained altar of Trog.
  3421 | D:5      | Entered Level 5 of the Dungeon
  3449 | D:5      | Found Xoygonn's One-of-a-Kind Rings.
  3511 | D:5      | Noticed Edmund
  3588 | D:5      | Reached XP level 6. HP: 40/51 MP: 6/6
  3589 | D:5      | Noticed an ice beast
  3614 | D:5      | Killed an ice beast
  3646 | D:5      | Killed Edmund
  3647 | D:5      | Reached skill level 6 in Fighting
  3647 | D:5      | Reached skill level 5 in Axes
  3647 | D:5      | Reached XP level 7. HP: 28/58 MP: 7/7
  3961 | D:5      | Reached skill level 7 in Fighting
  4012 | D:5      | Reached XP level 8. HP: 67/67 MP: 8/8
  4996 | D:6      | Reached skill level 8 in Fighting
  5008 | D:6      | Found a burning altar of Makhleb.
  5156 | D:7      | Identified the +0 chain mail of Quiescent Creativity {rC++
                  | Will+ Int+3}
  5191 | D:7      | HP: 2/69 [gnoll bouda/+0 club (10)]
  5191 | D:7      | Mangled by an orc warrior

Illustrated notes

Levels and vault maps discovered:
D:1:      eino_arrival_tree_alley, layout_loops_ring,
          dreamdust_ecumenical_altar_angels_and_demons, serial_park_tiny_pond,
          nicolae_wormholes
D:2:      layout_basic, basic_altar, serial_rivers,
          chequers_serial_rivers_micro_b, chequers_serial_rivers_large_b,
          chequers_serial_rivers_large_a, chequers_serial_rivers_micro_c,
          chequers_serial_rivers_micro_a, chequers_serial_rivers_micro_c
D:3:      layout_loops_cross, nicolae_overflow_crystal_walls, serial_shops,
          shop, grunt_decor_junction
D:4:      layout_basic, trog_book, minmay_stone_trees_small
D:5:      layout_loops_ring, nicolae_shop_unique_rings, nrook_mini_backslash,
          uniq_edmund
D:6:      layout_basic, lightli_temple_of_fire
D:7:      layout_rooms, led_xom_imps, kennysheep_little_box,
          mainiacjoe_overflow_swirl, temple_hall, serial_shops,
          nicolae_shop_peninsula, minivault_14, nicolae_shop_overcharged_wands

Skill      XL: |  1  2  3  4  5  6  7  8 |
---------------+-------------------------+-----
Fighting       | 4 5 6 7 8 |  8.5
Axes           | 3 4 5 6 7 |  7.4
Armour         | |  3.2
Shields        | |  4.0

Action                     |  1- 3 |  4- 6 |  7- 9 || total
---------------------------+-------+-------+-------++-------
  Melee: War axe           |    79 |   151 |   149 ||   379
    Use: Scroll            |     4 |     2 |    10 ||    16
         Potion            |       |       |     2 ||     2
 Armour: Scale mail        |    43 |    44 |       ||    87
         Plate armour      |       |    57 |   100 ||   157
  Dodge: Dodged            |    40 |    47 |    40 ||   127
  Block: Buckler           |    27 |    37 |    44 ||   108
